 Dungeon Crawl Stone Soup version 0.28.0-43-g3370ac3207 (webtiles) character file.

Game seed: 6964674441107135542

25 Eitelfritz the Skirmisher (level 3, -3/33 HPs)
             Began as a Hill Orc Fighter on Mar 3, 2022.
             Killed by divine providence
             ... invoked by an orc priest
              (9 damage)
             ... on level 2 of the Dungeon.
             The game lasted 00:01:50 (1166 turns).

Eitelfritz the Skirmisher (Hill Orc Fighter)        Turns: 1166, Time: 00:01:51

Health: -3/33      AC:  6    Str: 20    XL:     3   Next: 4%
Magic:  3/3        EV:  9    Int:  8    God:
Gold:   19         SH:  4    Dex: 10    Spells: 2/2 levels left

rFire   . . .      SeeInvis .   a - +0 war axe
rCold   . . .      Faith    .   c - +0 buckler
rNeg    . . .      Spirit   .   b - +0 scale mail
rPois   .          Reflect  .   (no helmet)
rElec   .          Harm     .   (no cloak)
rCorr   .          Rampage  .   (no gloves)
Will    .....                   (no boots)
Stlth   ..........              (no amulet)
HPRegen 0.11/turn               (no ring)
MPRegen 0.08/turn               (no ring)

@: no status effects
A: no striking features
a: Convert to Beogh


You were on level 2 of the Dungeon.
You visited 1 branch of the dungeon, and saw 2 of its levels.

You collected 19 gold pieces.

Inventory:

Hand Weapons
 a - a +0 war axe (weapon)
Armour
 b - a +0 scale mail (worn)
 c - a +0 buckler (worn)
 f - a +0 tower shield
Jewellery
 l - a ring of flight
Scrolls
 e - a scroll of magic mapping {unknown}
 g - a scroll of vulnerability {unknown}
 h - 2 scrolls of noise {unknown}
 i - a scroll of teleportation {unknown}
 j - a scroll of holy word {unknown}
 k - a scroll of identify {unknown}
Potions
 d - a potion of might


   Skills:
 + Level 4.0 Fighting
 + Level 3.4 Axes
 + Level 3.5 Armour
 + Level 3.5 Shields


You had 2 spell levels left.
You didn't know any spells.
Your spell library contained the following spells:

 Spells                   Type           Power      Damage    Failure   Level
 Beastly Appendage        Tmut           0%         N/A       85%         1
 Gell's Gravitas          Tloc           0%         N/A       99%         3
 Lesser Beckoning         Tloc           0%         N/A       99%         3
 Teleport Other           Tloc           0%         N/A       99%         3


Dungeon Overview and Level Annotations

Branches:
Dungeon (2/15)

Altars:


Message History

The magic dart hits you!
The orc wizard hits you but does no damage.
You barely miss the orc wizard.
You hit the orc wizard but do no damage.
The orc wizard mumbles some strange words.
The orc wizard flickers and vanishes!
Deactivating autopickup; reactivate with Ctrl-A.
The orc wizard hits you with a +0 dagger.
The orc wizard gestures wildly while chanting.
The orc wizard flickers and vanishes!
Something hits you.
You bump into the rock wall.
Something hits you. x2
You miss something. You closely miss something. Something hits you.
Something hits you but does no damage.
You're too confused to move!
Something hits you. Something hits you but does no damage.
You barely miss something. You miss something.
You hear some strange, mumbled words.
Something tries to affect you, but you resist.
Something hits you.
* * * LOW HITPOINT WARNING * * *
You completely miss something. You closely miss something. Something hits you.
* * * LOW HITPOINT WARNING * * *
Something hits you.
* * * LOW HITPOINT WARNING * * *
The orc priest looks braver for a moment.
You hear some strange, mumbled words.
Something tries to affect you, but you resist.
You hear some strange, mumbled words.
Something tries to affect you, but you resist.
You bump into the rock wall.
You feel less confused.
Something hits you but does no damage. x2
You closely miss something. x2; Something hits you but does no damage.
You block something's attack.
You miss something. x2; Something hits you.
* * * LOW HITPOINT WARNING * * *
Something hits you but does no damage.
The orc priest calls down the wrath of Beogh upon you.
Beogh smites you!
You die...

#.##.....#
###
#.#.......#
#.[
#.#.#...#.#
#.. #.#....
..# #..
#.#... ...#
#.. #.#o.
....# #..
#.#.#...#.#
#..
#{#oo.....#
##.#
#@{oo......
....
#####......
###..
###### ###


You could see an orc priest and 3 orcs.

Vanquished Creatures
  A dart slug (D:1)
  An endoplasm (D:1)
  2 giant cockroaches (D:2)
  A goblin (D:1)
  5 hobgoblins
  A quokka (D:1)
  4 ball pythons
  A bat (D:2)
  3 frilled lizards
  3 rats
22 creatures vanquished.

Notes
Turn   | Place    | Note
-------+----------+-------------------------------------------
     0 | D:1      | Eitelfritz the Hill Orc Fighter began the quest for the
                  | Orb.
     0 | D:1      | Reached XP level 1. HP: 19/19 MP: 1/1
    11 | D:1      | Found a faded altar of an unknown god.
    28 | D:1      | Got Plato's Incunabulum of Transmigration
   231 | D:1      | Reached XP level 2. HP: 27/27 MP: 2/2
   410 | D:1      | Reached skill level 4 in Fighting
   953 | D:2      | Reached XP level 3. HP: 28/33 MP: 3/3
  1166 | D:2      | Killed from afar by an orc priest

Illustrated notes

Levels and vault maps discovered:
D:1:      ncdulo_wetmaze, layout_loops_ring, shapermc_ecumenical_altar_rom_forum
D:2:      cheibrodos_pilgrimage, layout_basic, chequers_serial_rivers_micro_a,
          uniq_crazy_yiuf_cottage, uniq_jessica

Skill      XL: |  1  2 |
---------------+-------+-----
Fighting       | 4 |  4.0
Axes           | 3 |  3.4
Armour         | |  3.5
Shields        | |  3.5

Action                   || total
-------------------------++-------
Melee: War axe           ||    70
Armor: Scale mail        ||    34
Dodge: Dodged            ||    34
Block: Buckler           ||    16
